 Dungeon Crawl Stone Soup version 0.29-a0-821-g66395355a5 (webtiles) character file.

Game seed: 14759401186910428692

176 Demosthentine the Shield-Bearer (level 6, -2/52 HPs)
             Began as a Meteoran Fighter on July 8, 2022.
             Slain by a gnoll
             ... wielding a +0 spear
             ... led by a gnoll bouda
              (5 damage)
             ... on level 3 of the Dungeon.
             The game lasted 00:02:33 (1631 turns).

Demosthentine the Shield-Bearer (Meteoran Fighter)  Turns: 1631, Time: 00:02:34

Health: -2/52      AC: 14    Str: 21    XL:     6   Next: 12%
Magic:  7/7        EV:  8    Int: 13    God:
Gold:   133        SH:  5    Dex: 11    Spells: 5/5 levels left

rFire   . . .      SeeInvis .   a - +1 flail
rCold   . . .      Faith    .   c - +0 buckler
rNeg    . . .      Spirit   .   k - +5 chain mail "Regoshado" {rPois Str+3 Int+4 Dex-5}
rPois   +          Reflect  .   (no helmet)
rElec   .          Harm     .   (no cloak)
rCorr   .          Rampage  .   (no gloves)
Will    .....                   (no boots)
Stlth   ..........              (no amulet)
HPRegen 0.17/turn               (no ring)
MPRegen 0.10/turn               (no ring)

@: on berserk cooldown, flying, slowed, glowing, very slow
A: sense surroundings 1, otherworldly, glowing, explore regen
a: no special abilities


You were on level 3 of the Dungeon.
You visited 1 branch of the dungeon, and saw 3 of its levels.

You collected 133 gold pieces.

Inventory:

Hand Weapons
 a - a +1 flail (weapon)
Armour
 c - a +0 buckler (worn)
 k - the +5 chain mail "Regoshado" (worn) {rPois Str+3 Int+4 Dex-5}
   (You found it on level 2 of the Dungeon)

   Str:       It affects your strength (+3).
   Int:       It affects your intelligence (+4).
   Dex:       It affects your dexterity (-5).
   rPois:     It protects you from poison.
Jewellery
 j - an amulet of regeneration
Scrolls
 e - a scroll of magic mapping
 h - a scroll of noise
Potions
 b - a potion of magic
 d - a potion of might
 f - a potion of mutation
 g - a potion of flight


   Skills:
 + Level 4.2 Fighting
 + Level 4.0 Maces & Flails
 + Level 4.5 Armour
 + Level 2.4 Dodging
 + Level 4.5 Shields


You had 5 spell levels left.
You didn't know any spells.
Your spell library contained the following spells:

 Spells                   Type           Power      Damage    Failure   Level
 Ozocubu's Armour         Ice            0%         N/A       100%        3
 Ozocubu's Refrigeration  Ice            0%         4d5       100%        7


Dungeon Overview and Level Annotations

Branches:
Dungeon (3/15) Zot: 318

Altars:
Yredelemnul


Innate Abilities, Weirdness & Mutations

You passively map a small area around you.
You are easily found by Zot.
You glow in the dark.
You regain HP and MP as you explore.


Message History

The gnoll hits you with a +0 flail.
* * * LOW HITPOINT WARNING * * *
You barely miss the gnoll.
The gnoll is heavily wounded.
You closely miss the gnoll.
The gnoll is heavily wounded.
You block the gnoll's attack.
You hit the gnoll.
The gnoll is severely wounded.
The gnoll closely misses you.
You closely miss the gnoll.
The gnoll is severely wounded.
The gnoll completely misses you.
You sock the gnoll!
You kill the gnoll!
The gnoll is no longer moving quickly.
You have reached level 6!
You feel stronger.
Your attacks no longer feel as feeble.
The gnoll hits you but does no damage. The gnoll closely misses you.
Items here: )) [ †.
You closely miss the gnoll. The gnoll hits you but does no damage.
You hit the gnoll.
The gnoll is moderately wounded.
You are no longer berserk.
You are exhausted.
You feel yourself slow down. The gnoll hits you but does no damage.
The gnoll barely misses you.
Unknown command.
You sock the gnoll!
You kill the gnoll!
The gnoll throws a throwing net.
The throwing net closely misses you. The gnoll hits you but does no damage.
Your life force feels restored.
The gnoll hits you but does no damage.
You see here a +0 whip.
You thump the gnoll!
The gnoll is severely wounded.
You block the gnoll's attack. The gnoll hits you with a +0 spear.
You die...

##.##
#......####
#####.#
#...?......
#.....#
#...g..#
#.###.#
#.#.gg##*
#.########
#.##.## *
#.#....§§#
#.##.##.# *
#.#.≈..§.###
####.#)...# *
#.'...§.§).#
#g.......##
#.'.....)).#
#@##.#....#
###.≈..≈.#.#
#)##†##.##.#,
#......#.#
#)##....# #..
,, ########.#
#.####..#
*### * #.#
#.# *..# #.#
#.# #..#
#.####(# * .#
#....<.# ,.*
* ########
,,, ,


You could see a gnoll.

Vanquished Creatures
  A gnoll bouda (D:3)
  An orc priest (D:3)
  4 gnolls (D:3)
  2 adders (D:3)
  2 worms
  A dart slug (D:1)
  2 orcs (D:3)
  7 endoplasms
  3 giant cockroaches
  5 hobgoblins
  3 quokkas (D:3)
  5 ball pythons
  5 bats (D:1)
  3 frilled lizards
  5 kobolds
  6 rats
55 creatures vanquished.

Notes
Turn   | Place    | Note
-------+----------+-------------------------------------------
     0 | D:1      | Demosthentine the Meteoran Fighter began the quest for the
                  | Orb.
     0 | D:1      | Reached XP level 1. HP: 19/19 MP: 2/2
    64 | D:1      | Reached XP level 2. HP: 17/26 MP: 3/3
   264 | D:1      | Reached skill level 1 in Dodging
   264 | D:1      | Reached XP level 3. HP: 31/31 MP: 4/4
   482 | D:1      | Glimpsed the power of Zot.
   530 | D:1      | Glimpsed the power of Zot.
   569 | D:1      | Glimpsed the power of Zot.
   579 | D:1      | Touched by the power of Zot.
   650 | D:2      | Found a basalt altar of Yredelemnul.
   666 | D:2      | Identified the +5 chain mail "Regoshado" {rPois Str+3 Int+4
                  | Dex-5}
  1274 | D:2      | Glimpsed the power of Zot.
  1324 | D:2      | Glimpsed the power of Zot.
  1357 | D:3      | Reached XP level 4. HP: 27/29 MP: 5/5
  1529 | D:3      | Reached XP level 5. HP: 35/39 MP: 6/6
  1620 | D:3      | HP: 2/66 [gnoll/+0 flail[a gnoll bouda] (4)]
  1626 | D:3      | Reached XP level 6. HP: 3/51 MP: 7/7
  1631 | D:3      | Slain by a gnoll

Illustrated notes

Levels and vault maps discovered:
D:1:      reono_arrival_mine, layout_loops_ring
D:2:      layout_basic, basic_altar
D:3:      layout_loops_ring, kennysheep_generic_room_15

Skill      XL: |  1  2  3  4  5 |
---------------+----------------+-----
Maces & Flails | 3 4 |  4.0
Dodging        | 1 2 |  2.4
Shields        | 4 |  4.5
Armour         | 4 |  4.5
Fighting       | 4 |  4.2

Action                   |  1- 3 |  4- 6 || total
-------------------------+-------+-------++-------
Melee: Flail             |    92 |   106 ||   198
  Use: Scroll            |     6 |       ||     6
       Potion            |       |     2 ||     2
Armor: Scale mail        |    41 |       ||    41
       Chain mail        |    12 |    84 ||    96
Dodge: Dodged            |    28 |    42 ||    70
Block: Buckler           |    17 |    35 ||    52

Table legend: (Time is in decaauts)
 A = Elapsed time spent in this place.
 B = Non-inter-level travel time spent in this place.
 C = Inter-level travel time spent in this place.
 D = Time resting spent in this place.
 E = Time spent auto-exploring this place.
 F = Levels seen in this place.
 G = Mean time per level.
                   A        B        C        D        E       F      G
               +--------+--------+--------+--------+--------+-----+--------+
         Total |   1680 |   1608 |     72 |      0 |   1156 |   3 |  560.0 |
       Dungeon |   1680 |   1608 |     72 |      0 |   1156 |   3 |  560.0 |
               +--------+--------+--------+--------+--------+-----+--------+

Top non-repeatable levels by time:
     D:2: 772 daAuts
     D:1: 607 daAuts
     D:3: 300 daAuts
